 Dungeon Crawl Stone Soup version 0.28.0-53-g5a82cb258f (webtiles) character file.

Game seed: 2906993438686687362

1253 clackabat the Basher (level 8, -8/48 HPs)
             Began as a Gargoyle Gladiator on July 14, 2022.
             Mangled by an orc warrior
             ... wielding a +0 dire flail
              (15 damage)
             ... on level 5 of the Dungeon.
             The game lasted 00:11:39 (4607 turns).

clackabat the Basher (Gargoyle Gladiator)           Turns: 4607, Time: 00:11:39

Health: -8/48      AC: 17    Str: 19    XL:     8   Next: 51%
Magic:  8/8        EV: 11    Int: 15    God:
Gold:   198        SH:  4    Dex: 11    Spells: 7/7 levels left

rFire   . . .      SeeInvis .   l - +4 whip of Idwofuf {freeze, Int+5}
rCold   . . .      Faith    .   q - +0 buckler
rNeg    + . .      Spirit   .   t - +0 ring mail
rPois   ∞          Reflect  .   c - +0 helmet
rElec   +          Harm     .   (no cloak)
rCorr   .          Rampage  +   z - +2 pair of gloves
Will    .....                   w - +1 pair of boots {rampage}
Stlth   +.........              (no amulet)
HPRegen 0.16/turn               (no ring)
MPRegen 0.11/turn               (no ring)

@: about to teleport
A: sickness immunity, AC +5, negative energy resistance 1, electricity
resistance, torment resistance 1, petrification resistance
a: no special abilities


You were on level 5 of the Dungeon.
You visited 1 branch of the dungeon, and saw 6 of its levels.

You collected 198 gold pieces.

Inventory:

Hand Weapons
 a - a +0 flail of electrocution
 l - the +4 whip of Idwofuf (weapon) {freeze, Int+5}
   (You found it on level 2 of the Dungeon)

   It freezes those it strikes, dealing additional cold damage.
   It can also slow down cold-blooded creatures.
   Int:       It affects your intelligence (+5).
Missiles
 d - a throwing net (quivered)
 h - 5 poisoned darts
Armour
 c - a +0 helmet (worn)
 j - a +0 scale mail
 q - a +0 buckler (worn)
 t - a +0 ring mail (worn)
 w - a +1 pair of boots of rampaging (worn)
 z - a +2 pair of gloves (worn)
Jewellery
 g - a ring of ice
Wands
 o - a wand of digging (6)
Scrolls
 b - a scroll of fog
 e - a scroll of identify
 f - a scroll of amnesia {unknown}
Potions
 k - a potion of flight {unknown}
 n - 3 potions of curing
 r - 2 potions of heal wounds {unknown}
 s - 2 potions of berserk rage {unknown}
 v - a potion of brilliance {unknown}
 x - a potion of degeneration {unknown}
 A - a potion of lignification {unknown}


   Skills:
 + Level 4.7 Fighting
 - Level 9.0 Maces & Flails
 - Level 1.7 Throwing
 - Level 2.0 Armour
 - Level 2.4 Dodging
 + Level 3.1 Shields


You had 7 spell levels left.
You didn't know any spells.
Your spell library contained the following spells:

 Spells                   Type           Power      Damage    Failure   Level
 Corpse Rot               Necr/Air       0%         N/A       67%         2
 Poisonous Vapours        Pois/Air       0%         N/A       67%         2


Dungeon Overview and Level Annotations

Branches:
Dungeon (6/15)
 Temple: D:4-7

Altars:
Hepliaklqana


Innate Abilities, Weirdness & Mutations

You are immune to sickness and miasma.
Your stone body is resilient. (AC +5)
You are immune to poison.
You resist negative energy. (rN+)
You are resistant to electric shocks. (rElec)
You are resistant to unholy torment.
You are immune to petrification.


Message History

You hit the orc warrior. You freeze the orc warrior.
The orc warrior is lightly wounded.
The orc warrior hits you with a +0 dire flail.
You hit the orc warrior. You freeze the orc warrior.
The orc warrior is moderately wounded.
You hit the orc warrior. You freeze the orc warrior.
The orc warrior is heavily wounded.
The orc warrior hits you with a +0 dire flail.
You are too injured to fight recklessly!
You are too injured to fight recklessly!
You are too injured to fight recklessly!
You are too injured to fight recklessly!
You are too injured to fight recklessly!
You hit the orc warrior but do no damage.
The orc warrior is heavily wounded.
You block the orc warrior's attack.
You hit the orc warrior but do no damage.
The orc warrior is heavily wounded.
You hit the orc warrior but do no damage.
The orc warrior is heavily wounded.
The orc warrior barely misses you.
You hit the orc warrior. You freeze the orc warrior.
The orc warrior is heavily wounded.
The orc warrior hits you with a +0 dire flail.
You hit the orc warrior but do no damage.
The orc warrior is heavily wounded.
You barely miss the orc warrior.
The orc warrior is heavily wounded.
The orc warrior hits you with a +0 dire flail!
* * * LOW HITPOINT WARNING * * *
You barely miss the orc warrior.
The orc warrior is heavily wounded.
The orc warrior barely misses you.
You hit the orc warrior but do no damage.
The orc warrior is heavily wounded.
An orc warrior is nearby!
As you read the scroll of teleportation, it crumbles to dust.
You feel strangely unstable.
The orc warrior hits you with a +0 dire flail!
You die...

#.#................# #.# #..#
........#....(.....###.###..#
........##..#......'.._###..#
...........###.....###.###..#####
.......#..###....#.# #.# #..##..#
.......#....#......###+###......#
..##...<.....##.................#
..###.......##......[...........#
....#...........@............#.##
...............o).###.#......###
........).........#.#.#......###
.##....<.....####.....#..#...#.##
##..........###>.[....#..##.##..#
#................##.......#.#...(
...........#.........##..........
....................###.##.....(#
###.................##...#......#


You could see an orc warrior.

Vanquished Creatures
  A wraith (D:5)
  The ghost of Stomo the Skirmisher, an amateur DrMo (D:3)
  2 ice beasts
  An ogre (D:4)
  A phantom (D:3)
  2 bullfrogs
  2 hounds (D:5)
  4 orc priests
  Jessica (D:3)
  4 iguanas (D:4)
  An orc wizard (D:4)
  2 hound skeletons (D:5)
  3 adders
  3 gnolls (D:2)
  An ufetubus (D:5)
  A worm (D:2)
  2 dart slugs (D:1)
  9 orcs
  7 ball pythons
  2 bats
  5 endoplasms
  2 giant cockroaches (D:4)
  5 goblins
  4 hobgoblins
  4 jackals
  4 kobolds
  6 quokkas
  4 frilled lizards
  5 rats
89 creatures vanquished.

Notes
Turn   | Place    | Note
-------+----------+-------------------------------------------
     0 | D:1      | clackabat the Gargoyle Gladiator began the quest for the
                  | Orb.
     0 | D:1      | Reached XP level 1. HP: 12/12 MP: 1/1
   261 | D:1      | Reached XP level 2. HP: 14/18 MP: 2/2
   770 | D:2      | Reached XP level 3. HP: 20/22 MP: 3/3
   961 | D:2      | Reached skill level 4 in Maces & Flails
   970 | D:2      | Reached XP level 4. HP: 22/28 MP: 4/4
  1217 | D:2      | Found a faded altar of an unknown god.
  1235 | D:2      | Identified the +4 whip of Idwofuf {freeze, Int+5}
  1458 | D:3      | Noticed Jessica
  1468 | D:3      | Killed Jessica
  1723 | D:3      | Noticed an ice beast
  1742 | D:3      | Killed an ice beast
  1743 | D:3      | Reached skill level 5 in Maces & Flails
  1743 | D:3      | Reached XP level 5. HP: 19/33 MP: 5/5
  1871 | D:3      | Identified the +0 plate armour of Mezcal {SInv}
  2155 | D:3      | Found a runed translucent door.
  2157 | D:3      | Noticed Stomo's ghost (amateur DrMo)
  2266 | D:3      | Reached skill level 1 in Armour
  2266 | D:3      | Reached skill level 1 in Shields
  2266 | D:3      | Reached XP level 6. HP: 31/38 MP: 6/6
  2292 | D:3      | Killed Stomo's ghost
  2293 | D:3      | Reached skill level 6 in Maces & Flails
  2518 | D:4      | Reached XP level 7. HP: 32/43 MP: 7/7
  2866 | D:3      | Reached skill level 7 in Maces & Flails
  3443 | D:5      | Entered Level 5 of the Dungeon
  3462 | D:5      | Reached skill level 8 in Maces & Flails
  3674 | D:5      | Found a hazy altar of Hepliaklqana.
  3727 | D:5      | Reached XP level 8. HP: 48/48 MP: 8/8
  3915 | D:6      | Noticed a wraith
  4083 | D:5      | HP: 1/48 [wraith (8)]
  4084 | D:5      | Killed a wraith
  4085 | D:5      | Reached skill level 9 in Maces & Flails
  4607 | D:5      | Mangled by an orc warrior

Illustrated notes

Levels and vault maps discovered:
D:1:      matt_arrival_refuge, layout_rooms
D:2:      layout_rooms, ebering_ecumenical_altar_abandoned, minivault_4,
          corexii_item_surrounded_by_moat
D:3:      layout_rooms, ebering_ghost_sewer_d, minmay_misc_feat_cross,
          uniq_jessica
D:4:      layout_basic, gup_sewer_entry_pipe
D:5:      layout_cave_pools, lemuel_doored_altar
D:6:      layout_basic, minmay_temple_entry_tees, lightli_minifort, uniq_edmund

Skill      XL: |  1  2  3  4  5  6  7  8 |
---------------+-------------------------+-----
Maces & Flails | 4 5 6 8 9 |  9.0
Fighting       | 3 4 |  4.7
Armour         | 1 2 |  2.0
Shields        | 1 2 3 |  3.1
Throwing       | |  1.7
Dodging        | |  2.4

Action                   |  1- 3 |  4- 6 |  7- 9 || total
-------------------------+-------+-------+-------++-------
Melee: Flail             |    63 |    34 |       ||    97
       Whip              |       |   104 |   193 ||   297
       Punch             |       |     1 |       ||     1
Throw: Dart              |       |     5 |       ||     5
       Throwing net      |       |     1 |     2 ||     3
  Use: Potion            |       |     1 |     1 ||     2
       Scroll            |       |     1 |     8 ||     9
 Stab: Held in net/web   |       |       |     1 ||     1
Armor: Leather armour    |    21 |    35 |       ||    56
       Ring mail         |       |     7 |   106 ||   113
Dodge: Dodged            |    36 |    72 |    93 ||   201
Block: Buckler           |       |     5 |    21 ||    26
